 Dungeon Crawl Stone Soup version 0.18-a0-116-g2d311b1 (webtiles) character file.

163757 Proton the Unseen (level 17, 0/162 HPs)
             Began as a Naga Fighter on Nov 17, 2015.
             Was the Champion of Cheibriados.
             Slain by an eight-headed hydra (12 damage)
             ... on level 4 of the Swamp.
             The game lasted 01:38:10 (29893 turns).

Proton the Unseen (Naga Fighter)                   Turns: 29893, Time: 01:38:10

Health: 0/162      AC: 34    Str: 40    XL:     17   Next: 84%
Magic:  21/26      EV: 16    Int: 28    God:    Cheibriados [******]
Gold:   2548       SH: 25    Dex: 34    Spells: 0 memorised, 16 levels left

rFire  + + .     SeeInvis +     g - +8 short sword "Gunutu" {pierce, Int+2}
rCold  + + .     Rnd*Rage +     c - +4 plate armour {rC+}
rNeg   + + .     SustAt   .     Q - +0 large shield
rPois  +         Gourm    .     A - +0 hat
rElec  +         Spirit   .     W - +0 cloak {MR+}
rCorr  .         Warding  +     X - +2 pair of gloves
rMut   .         NoTele   +     y - +0 naga barding "Hero's Friend" {rC+}
MR     +++..                    D - amulet of Cekugob {Ward -Tele rElec rPois rN++ AC+1 EV+1}
Stlth  +++++.....               U - ring of Foizxauh {Wiz Str-2 Dex+7 Slay+3}
                                C - ring of the Octopus King {rF+ AC+1 EV+1 Str+1 Int+1 Dex+1}

@: lethally poisoned (0 -> -1), exhausted, slowed, very slow, extremely
resistant to hostile enchantments, quite stealthy
A: beak, large bone plates 1, see invisible, berserk 2, clever 1, deformed body,
fire resistance 1, sense surroundings 2, poison resistance, slowness 2, slow
metabolism 1, spit poison 2, constrict 1, AC +5
a: Spit Poison, Bend Time, Temporal Distortion, Slouch, Step From Time, Renounce
Religion


You were on level 4 of the Swamp.
You worshipped Cheibriados.
Cheibriados was exalted by your worship.
You were very hungry.

You visited 7 branches of the dungeon, and saw 34 of its levels.
You visited 1 bazaar.
You also visited: Ossuary, Ice Cave and Volcano.

You collected 4064 gold pieces.
You spent 1516 gold pieces at shops.

Inventory:

Hand Weapons
 g - the +8 short sword "Gunutu" (weapon) {pierce, Int+2}
   (You found it in an ice cave)

   It inflicts extra damage upon your enemies.
   It affects your intelligence (+2).
 H - a +3 scimitar of flaming
Missiles
 u - 8 javelins (quivered)
Armour
 c - a +4 plate armour of cold resistance (worn)
 k - a +0 fire dragon armour
 y - the +0 naga barding "Hero's Friend" (worn) {rC+}
   (You acquired it in a bazaar)

   It protects you from cold.
 A - a +0 hat (worn)
 N - the +3 helmet of the Snake Pit {rElec MR++}
   (You bought it in a shop in a bazaar)

   It insulates you from electricity.
   It affects your resistance to hostile enchantments.
 Q - a +0 large shield (worn)
 W - a +0 cloak of magic resistance (worn)
 X - a +2 pair of gloves (worn)
Jewellery
 a - the amulet "Fizuklen" {Clar rC+ Int+4 Dex+2}
   (You found it on level 12 of the Dungeon)

   [amulet of clarity]

   It provides mental clarity.
   It affects your intelligence (+4).
   It affects your dexterity (+2).
   It protects you from cold.
 q - an uncursed ring of see invisible {unknown}
 C - a ring of the Octopus King (left hand) {rF+ AC+1 EV+1 Str+1 Int+1 Dex+1}
   (You found it on level 8 of the Dungeon)

   [ring of protection from fire]

   It affects your AC (+1).
   It affects your evasion (+1).
   It affects your strength (+1).
   It affects your intelligence (+1).
   It affects your dexterity (+1).
   It protects you from fire.
 D - the amulet of Cekugob (around neck) {Ward -Tele rElec rPois rN++ AC+1 EV+1}
   (You bought it in a shop on level 4 of the Orcish Mines)

   [amulet of warding]

   It may prevent the melee attacks of summoned creatures.
   It affects your AC (+1).
   It affects your evasion (+1).
   It insulates you from electricity.
   It protects you from poison.
   It greatly protects you from negative energy.
   It prevents most forms of teleportation.
 F - the amulet of Xurgh {Spirit +Fly rElec Str+5}
   (You took it off an orc warrior on level 7 of the Dungeon)

   [amulet of guardian spirit]

   It causes incoming damage to be split between your health and magic.
   It affects your strength (+5).
   It insulates you from electricity.
   It lets you fly.
 U - the ring of Foizxauh (right hand) {Wiz Str-2 Dex+7 Slay+3}
   (You found it on level 3 of the Lair of Beasts)

   [ring of wizardry]

   It improves your spell success rate.
   It affects your strength (-2).
   It affects your dexterity (+7).
   It affects your accuracy and damage with ranged weapons and melee attacks
   (+3).
Wands
 I - a wand of disintegration (15)
 Z - a wand of flame (37)
Scrolls
 b - 2 scrolls of immolation
 h - 9 scrolls of teleportation
 i - 4 scrolls of fog
 j - 3 scrolls of summoning
 l - 5 scrolls of enchant weapon
 m - 3 scrolls of recharging
 n - 5 scrolls of magic mapping
 s - 2 scrolls of amnesia
 E - 6 scrolls of enchant armour
 G - 2 scrolls of noise
 L - a scroll of vulnerability
 M - 13 scrolls of remove curse
 R - 7 scrolls of blinking
 S - a scroll of brand weapon
 V - 2 scrolls of fear
 Y - a scroll of identify
Potions
 d - 6 potions of might
 e - 3 potions of magic
 f - 6 potions of flight
 o - 6 potions of heal wounds
 p - 2 potions of cancellation
 r - 16 potions of curing
 v - 4 potions of lignification
 z - 8 potions of agility
 B - 4 potions of invisibility
 O - 2 potions of brilliance
 T - 2 potions of resistance
Comestibles
 t - 9 beef jerkies
 w - 12 slices of pizza
 x - 7 bread rations
 J - 16 royal jellies
 K - 22 fruits
 P - 4 meat rations


   Skills:
 + Level 12.7 Fighting
 + Level 12.4 Long Blades
 + Level 11.0 Armour
 + Level 10.5 Dodging
 + Level 17.8 Stealth
 + Level 10.6 Shields
 + Level 12.1 Invocations


You had 16 spell levels left.
You didn't know any spells.

Dungeon Overview and Level Annotations

Branches:
Dungeon (15/15)            Temple (1/1) D:7            Lair (8/8) D:8
  Swamp (4/4) Lair:5       Spider (0/4) Lair:3        Slime (0/6) Lair:6
    Orc (4/4) D:9             Elf (1/3) Orc:3        Vaults (0/5) D:14
 Depths (1/5) D:15

Altars:
Ashenzari
Cheibriados
Gozag
Kikubaaqudgha
Nemelex Xobeh
Okawaru
Qazlal
Ru
Xom
Yredelemnul
Zin
Beogh
Jiyva

Shops:
D:7 !   Orc:1 =   Orc:2 %   Orc:4 }*=[([

Portals:
Trove: D:14 (give wand of heal wounds (8))

Annotations:
D:3 Proton's ghost, amateur NaFi
Depths:1 the Enchantress


Innate Abilities, Weirdness & Mutations

You cannot wear boots.
Your serpentine skin is tough (AC +5).
You have supernaturally acute eyesight.
Armour fits poorly on your strangely shaped body.
Your system is resistant to poisons.
You cover ground very slowly.
You have a slow metabolism.
You can spit poison.
You can use your snake-like lower body to constrict enemies.
You have a beak for a mouth.
You are partially covered in large bone plates (AC +2, SH +2).
You often lose your temper in combat.
Your mind is acute. (Int +2)
Your flesh is heat resistant.
You passively map the area around you.


Message History

You fall into the shallow water.
Moving in this stuff is going to be slow.
You feel sick.
You block the eight-headed hydra's attack.
The eight-headed hydra bites you but does no damage. x2
The eight-headed hydra bites you!
* * * LOW HITPOINT WARNING * * *
You block the eight-headed hydra's attack.
The eight-headed hydra bites you!
* * * LOW HITPOINT WARNING * * *
The eight-headed hydra barely misses you.
The eight-headed hydra bites you but does no damage.
The swamp dragon completely misses you. You block the swamp dragon's attack.
The swamp dragon barely misses you.
The swamp dragon breathes poison at you.
The blast of poison engulfs you! You resist.
You block the eight-headed hydra's attack.
The eight-headed hydra bites you but does no damage. x2
The eight-headed hydra bites you!
You die...

≈,≈ ≈, .≈ , ♣♣..§≈ * ♣.≈≈≈.
♣≈♣D♣≈≈≈§. ♣≈..≈§
≈♣♣...≈.♣♣♣.≈≈.§≈≈≈. ♣♣♣≈..
≈.....§...≈)≈≈≈≈≈≈♣* * ♣≈≈.≈
.≈≈≈≈≈.♣<≈..≈D≈§§♣♣ ≈ * ♣♣..≈
≈≈≈≈≈≈≈≈≈≈≈..§§§§.≈♣♣...≈≈....
, ≈≈..%≈§≈≈≈≈D§§§.≈.≈≈≈≈...≈≈≈
,≈ ♣...≈≈§D§§§§.≈.≈≈≈≈..≈.≈≈ *
♣...≈≈§D@§§§♣♣.≈≈≈.♣≈.≈≈≈ **
♣.≈≈≈≈§§§§≈♣♣ ≈.....≈.≈≈≈
♣.≈≈≈≈≈§§§♣♣♣♣♣..♣♣.≈≈≈≈≈ ≈,
♣.≈≈≈≈§§.§♣♣≈♣♣.≈.≈≈≈≈≈..
,...≈≈≈≈.♣♣≈≈.≈...≈..≈≈≈≈≈≈ *
≈≈≈.≈≈≈≈.♣♣♣♣♣♣♣.≈.≈.≈≈≈≈≈≈
♣♣♣♣..≈§..≈* ♣..≈♣..≈§≈≈≈
♣♣♣♣≈♣♣♣♣ ♣.≈≈≈♣.§≈..≈ ♣♣* *
♣.≈≈...≈≈.♣.


You could see an eight-headed hydra (frenzied), a six-headed hydra, a
four-headed hydra and 2 swamp dragons.

Vanquished Creatures
  Norris (D:14)
  Saint Roka (Orc:4)
  Nikola (Swamp:2)
  2 thorn hunters
  Kirke (Swamp:3)
  Roxanne (D:14)
  A deep elf sorcerer (Elf:1)
  Donald (D:14)
  A very ugly thing (Swamp:2)
  Nessos (Orc:4)
  Azrael (Orc:4)
  A dire elephant (D:15)
  Erolcha (D:12)
  Fannar (Lair:1)
  An ice dragon (Depths:1)
  4 ghost crabs
  17 hydras
  4 centaur warriors
  The ghost of Proton the Cleaver, a novice DDFi of Ru (D:11)
  5 alligators
  2 orc high priests
  The ghost of Proton the Cleaver, a novice DDFi of Ru (D:10)
  Nergalle (Lair:3)
  2 deep elf knights
  An ice devil (IceCv)
  3 unseen horrors
  2 spriggan druids (Swamp:4)
  7 swamp dragons
  2 shambling mangroves
  The ghost of Proton the Cleaver, a novice DDFi of Ru (D:8)
  A griffon (Lair:7)
  7 orc knights
  6 hill giants
  2 deep elf conjurers (Elf:1)
  A necromancer (IceCv)
  2 orc sorcerers (Orc:4)
  3 manticores
  7 cyclopes
  6 black mambas
  21 ugly things
  A salamander (D:15)
  19 slime creatures
  3 toenail golems (Volcano)
  4 elephants (Lair:2)
  2 ice statues (IceCv)
  A torpor snail (Lair:6)
  3 gargoyles
  2 kobold demonologists (D:14)
  11 komodo dragons
  37 spiny frogs
  3 fire drakes
  4 trolls
  3 two-headed ogres
  6 blue devils (IceCv)
  A polar bear (Lair:2)
  14 blink frogs
  7 giant leeches
  A trapdoor spider zombie (D:12)
  A boulder beetle (Lair:7)
  A queen bee (D:10)
  5 bog bodies
  54 yaks
  A shadow (D:15)
  Sigmund (D:4)
  2 wraiths (D:12)
  4 spriggans
  4 hogs (Swamp:3)
  24 vampire mosquitoes
  3 deep elf fighters (Elf:1)
  Eustachio (D:6)
  4 deep elf magi
  9 hippogriffs
  3 hungry ghosts
  4 basilisks
  3 fire elementals (Orc:4)
  21 wolves
  2 mottled dragons (D:14)
  23 humans
  19 insubstantial wisps
  5 wargs
  3 hell hounds (Orc:4)
  23 swamp worms
  12 porcupines
  8 wasps
  12 water moccasins
  2 eyes of draining
  10 swamp drakes
  3 sky beasts
  2 ice beasts
  A phantom (D:12)
  48 orc warriors
  21 centaurs
  22 crocodiles
  12 ogres
  A wyvern zombie (D:9)
  27 giant frogs
  3 big kobolds
  A gnoll sergeant (D:7)
  38 killer bees
  4 scorpions
  8 electric eels
  3 draconian simulacra (IceCv)
  6 crimson imps
  A gnoll shaman (D:8)
  A giant frog zombie (D:12)
  4 hounds
  3 quasits
  6 centaur zombies
  41 orc priests
  4 centaur skeletons
  3 giant frog skeletons
  A human zombie (Ossuary)
  5 jellies
  3 worker ants
  50 orc wizards
  6 iguanas
  3 spriggan simulacra (IceCv)
  27 sheep
  2 big kobold zombies (Ossuary)
  2 hound skeletons
  2 mummies (Ossuary)
  3 worker ant zombies
  13 adders
  3 naga simulacra (IceCv)
  An ogre simulacrum (IceCv)
  83 river rats
  21 gnolls
  A shadow imp (D:13)
  12 white imps
  3 adder zombies (Ossuary)
  6 worms
  2 adder skeletons
  4 giant geckos
  218 orcs
  13 bats
  12 giant cockroaches
  9 goblins
  8 hobgoblins
  3 quokkas
  A giant gecko skeleton (D:4)
  3 giant newts
  A goblin zombie (Ossuary)
  12 hobgoblin zombies (Ossuary)
  25 jackals
  2 jackal zombies (Ossuary)
  15 kobolds
  10 kobold zombies (Ossuary)
  5 orc zombies (Ossuary)
  6 rats
  2 fungi (Lair:6)
  A plant (Lair:8)
1373 creatures vanquished.

Vanquished Creatures (others)
  3 slime creatures (Swamp:2)
  A swamp worm (Swamp:3)
  A sky beast (D:5)
  2 swamp drakes (Swamp:3)
  A giant frog (Lair:8)
  2 orcs
  25 fungi
  19 plants
54 creatures vanquished.

Grand Total: 1427 creatures vanquished

Notes
Turn   | Place    | Note
--------------------------------------------------------------
     0 | D:1      | Proton the Naga Fighter began the quest for the Orb.
     0 | D:1      | Reached XP level 1. HP: 21/21 MP: 1/1
    14 | D:1      | Reached XP level 2. HP: 24/28 MP: 2/2
   393 | D:1      | Reached XP level 3. HP: 20/34 MP: 3/3
   746 | D:1      | Reached skill level 1 in Stealth
   815 | D:2      | Found a faded altar to an unknown god.
   821 | D:2      | Found a shimmering altar of Xom.
   839 | D:2      | HP: 1/34 [worm (7)]
  1326 | D:2      | Reached XP level 4. HP: 35/42 MP: 4/4
  1365 | D:2      | Reached skill level 1 in Dodging
  1511 | D:2      | Found an iron altar of Okawaru.
  1950 | D:3      | Noticed Proton's ghost (amateur NaFi)
  2541 | D:4      | HP: 2/42 [orc wizard/magic dart (7)]
  2542 | D:4      | Reached XP level 5. HP: 1/49 MP: 5/5
  3153 | D:4      | Noticed Sigmund
  3166 | D:4      | Killed Sigmund
  3166 | D:4      | Reached skill level 4 in Fighting
  3166 | D:4      | Reached XP level 6. HP: 21/57 MP: 6/6
  3396 | D:3      | Reached XP level 7. HP: 20/64 MP: 7/7
  4413 | D:4      | Reached skill level 5 in Stealth
  4875 | D:5      | Entered Level 5 of the Dungeon
  4906 | D:5      | Reached XP level 8. HP: 35/73 MP: 8/8
  5593 | D:5      | Found a stormy altar of Qazlal.
  5695 | D:5      | Reached skill level 6 in Stealth
  5719 | D:5      | Found a glowing silver altar of Zin.
  5719 | D:5      | Found an opulent altar of Gozag.
  5896 | D:5      | Reached skill level 5 in Fighting
  6083 | D:6      | Noticed Eustachio
  6098 | D:6      | Killed Eustachio
  6524 | D:6      | Reached skill level 5 in Long Blades
  6524 | D:6      | Reached skill level 7 in Stealth
  6529 | D:6      | Gained mutation: Your flesh is heat resistant. [mutagenic meat]
  6530 | D:6      | Gained mutation: You have a pair of small horns on your head. [mutagenic meat]
  6532 | D:6      | Gained mutation: You are partially covered in large bone plates (AC +2, SH +2). [mutagenic meat]
  6556 | D:7      | Reached XP level 9. HP: 81/81 MP: 9/9
  6570 | D:7      | Found Fitzecw's Distillery.
  6613 | D:7      | Bought a potion of mutation for 30 gold pieces
  6613 | D:7      | Gained mutation: Your spells are a little harder to cast, but a little more powerful. [potion of mutation]
  6613 | D:7      | Lost mutation: Your spells are a little harder to cast, but a little more powerful. [potion of mutation]
  6613 | D:7      | Gained mutation: Your tail ends in a poisonous barb. [potion of mutation]
  6648 | D:7      | Got a fine emerald amulet
  6650 | D:7      | Identified the amulet of Xurgh {Spirit +Fly rElec Str+5} (You took it off an orc warrior on level 7 of the Dungeon)
  6738 | D:7      | Found a sand-covered staircase.
  6750 | Ossuary  | Entered an ossuary
  7247 | D:8      | Noticed Proton's ghost (novice DDFi)
  7254 | D:7      | Found a snail-covered altar of Cheibriados.
  7312 | D:7      | Became a worshipper of Cheibriados the Contemplative
  7470 | D:7      | Reached skill level 8 in Stealth
  7692 | D:7      | Found a staircase to the Ecumenical Temple.
  7706 | D:7      | Reached skill level 5 in Shields
  7721 | Temple   | Entered the Ecumenical Temple
  7832 | D:7      | Reached * piety under Cheibriados
  7866 | D:7      | Reached skill level 5 in Armour
  8099 | D:8      | Found a basalt altar of Yredelemnul.
  8137 | D:8      | Got a ring of the Octopus King
  8159 | D:8      | Found a staircase to the Lair.
  8160 | D:8      | Noticed a komodo dragon
  8218 | D:9      | Found a staircase to the Orcish Mines.
  8221 | D:9      | Reached XP level 10. HP: 92/92 MP: 10/10
  8267 | D:9      | Reached skill level 1 in Invocations
  8407 | D:9      | Reached ** piety under Cheibriados
  8419 | D:9      | Found a sacrificial altar of Ru.
  8487 | D:9      | Identified a ring of the Octopus King {rF+ AC+1 EV+1 Str+1 Int+1 Dex+1} (You found it on level 8 of the Dungeon)
  8518 | D:9      | Reached skill level 9 in Stealth
  8991 | D:10     | Entered Level 10 of the Dungeon
  8993 | D:10     | Noticed a hill giant
  9004 | D:10     | Killed a hill giant
  9064 | D:10     | Noticed Proton's ghost (novice DDFi)
  9281 | D:3      | Reached *** piety under Cheibriados
  9765 | D:3      | Reached **** piety under Cheibriados
  9909 | D:8      | Noticed a manticore
  9918 | D:8      | Killed a manticore
  9942 | D:8      | Reached skill level 5 in Dodging
  9942 | D:8      | Reached skill level 10 in Stealth
  9978 | D:8      | Noticed an eight-headed hydra
  9988 | D:8      | Noticed a centaur warrior
  9996 | D:8      | Killed a centaur warrior
  9996 | D:8      | Reached XP level 11. HP: 88/100 MP: 11/14
 10082 | D:8      | Found a sparkling altar of Nemelex Xobeh.
 10103 | D:8      | Killed Proton's ghost
 10207 | D:8      | Found a shattered altar of Ashenzari.
 10354 | D:8      | Reached ***** piety under Cheibriados
 10563 | D:8      | Found an ancient bone altar of Kikubaaqudgha.
 10626 | D:8      | Found a sparkling altar of Nemelex Xobeh.
 11036 | D:10     | Killed Proton's ghost
 11039 | D:10     | Reached skill level 5 in Invocations
 11277 | D:10     | Reached skill level 11 in Stealth
 11291 | D:10     | Reached ****** piety under Cheibriados
 11579 | D:11     | Gained mutation: Your mind is acute. (Int +2) [mutagenic meat]
 11786 | D:11     | Noticed an unseen horror
 11794 | D:11     | Killed an unseen horror
 11794 | D:11     | Reached XP level 12. HP: 110/110 MP: 16/16
 12237 | D:11     | You fall through a shaft for 2 floors!
 12321 | D:13     | Found a frozen archway.
 12349 | IceCv    | Entered an ice cave
 12907 | IceCv    | Got an iridescent short sword
 13049 | IceCv    | Identified the +8 short sword "Gunutu" {pierce, Int+2} (You found it in an ice cave)
 13195 | D:12     | You fall through a shaft!
 13195 | D:13     | Noticed a centaur warrior
 13202 | D:13     | Killed a centaur warrior
 13202 | D:13     | Reached skill level 12 in Stealth
 13261 | D:12     | Got a shimmering mace
 13268 | D:12     | Got a brightly glowing flail
 13298 | D:12     | Identified the cursed +3 mace "Nomnud" {flame, +Blink Int+3} (You found it on level 12 of the Dungeon)
 13301 | D:12     | Identified the +1 flail "Lynn" {crush, rC+ Str+2 Dex+3} (You found it on level 12 of the Dungeon)
 13650 | D:11     | Noticed Proton's ghost (novice DDFi)
 13677 | D:11     | Killed Proton's ghost
 13842 | D:12     | Got a pitted pewter amulet
 13844 | D:12     | Identified the amulet "Fizuklen" {Clar rC+ Int+4 Dex+2} (You found it on level 12 of the Dungeon)
 14020 | D:12     | Lost mutation: Your mind is acute. (Int +2) [mutagenic meat]
 14021 | D:12     | Gained mutation: Your magical capacity is low (-10% MP). [mutagenic meat]
 14138 | D:12     | Noticed Erolcha
 14150 | D:12     | Killed Erolcha
 14150 | D:12     | Gained mutation: You can use your snake-like lower body to constrict enemies. [Naga growth]
 14150 | D:12     | Reached XP level 13. HP: 118/121 MP: 16/16
 14703 | D:14     | Found a gate to the Vaults.
 14703 | D:14     | Noticed Norris
 14705 | D:14     | Noticed Donald
 14706 | D:14     | Reached skill level 13 in Stealth
 14710 | D:14     | Killed Donald
 14717 | D:14     | Killed Norris
 15163 | D:14     | Reached XP level 14. HP: 86/130 MP: 18/18
 15318 | D:14     | Noticed Roxanne
 15618 | D:14     | Killed Roxanne
 15770 | D:14     | Found an opulent altar of Gozag.
 15803 | D:14     | Reached skill level 10 in Fighting
 15909 | D:14     | Found a portal to a secret trove of treasure.
 15958 | D:15     | Entered Level 15 of the Dungeon
 15959 | D:15     | Reached skill level 14 in Stealth
 15993 | D:15     | Gained mutation: You have a beak for a mouth. [mutagenic meat]
 15994 | D:15     | Gained mutation: You occasionally shout uncontrollably at your foes. [mutagenic meat]
 15995 | D:15     | Gained mutation: You passively map a small area around you. [mutagenic meat]
 15996 | D:15     | Gained mutation: You sometimes yell uncontrollably at your foes. [mutagenic meat]
 16053 | D:15     | Lost mutation: Your magical capacity is low (-10% MP). [mutagenic meat]
 16054 | D:15     | Gained mutation: You passively map the area around you. [mutagenic meat]
 16139 | D:15     | Found a staircase to the Depths.
 16156 | D:15     | Reached skill level 10 in Long Blades
 16267 | D:15     | Lost mutation: You sometimes yell uncontrollably at your foes. [mutagenic meat]
 16268 | D:15     | Lost mutation: Your tail ends in a poisonous barb. [mutagenic meat]
 16271 | D:15     | Gained mutation: You passively map a large area around you. [mutagenic meat]
 16410 | D:15     | Lost mutation: You have a pair of small horns on your head. [mutagenic meat]
 16411 | D:15     | Lost mutation: You passively map a large area around you. [mutagenic meat]
 16412 | D:15     | Lost mutation: You occasionally shout uncontrollably at your foes. [mutagenic meat]
 16414 | D:15     | Gained mutation: Your mind is acute. (Int +2) [mutagenic meat]
 16845 | Depths:1 | Entered Level 1 of the Depths
 16851 | Depths:1 | Noticed a stone giant
 16854 | Depths:1 | Noticed the Enchantress
 16856 | Depths:1 | Noticed a spriggan defender
 17064 | Lair:1   | Entered Level 1 of the Lair of Beasts
 17153 | Lair:1   | Noticed Fannar
 17169 | Lair:1   | Killed Fannar
 17582 | Lair:1   | Reached skill level 15 in Stealth
 17934 | Lair:2   | Reached XP level 15. HP: 135/140 MP: 22/22
 18636 | Lair:3   | Noticed Nergalle
 18643 | Lair:3   | Killed Nergalle
 18729 | Lair:3   | Found a hole to the Spider Nest.
 18738 | Lair:3   | Found a dark tunnel.
 18747 | Volcano  | Entered a volcano
 19287 | Lair:3   | Got a fine brass ring
 19452 | Lair:3   | Reached skill level 10 in Invocations
 19901 | Lair:4   | Identified the ring of Foizxauh {Wiz Str-2 Dex+7 Slay+3} (You found it on level 3 of the Lair of Beasts)
 20530 | Lair:5   | Found a staircase to the Swamp.
 21570 | Lair:6   | Found a staircase to the Slime Pits.
 21570 | Lair:6   | Found a viscous altar of Jiyva.
 22848 | Lair:8   | Entered Level 8 of the Lair of Beasts
 22926 | Lair:8   | Reached skill level 16 in Stealth
 23275 | Lair:8   | Reached XP level 16. HP: 151/151 MP: 23/23
 23564 | Lair:8   | Reached skill level 10 in Armour
 23887 | Lair:8   | Got a fine chain mail
 23899 | Lair:8   | Identified the +2 chain mail of Brilliance {rPois Int+3 Dex-5 SInv} (You found it on level 8 of the Lair of Beasts)
 24267 | Orc:1    | Entered Level 1 of the Orcish Mines
 24522 | Orc:1    | Found Kuplioff's Jewellery Shoppe.
 24885 | Orc:3    | Found a staircase to the Elven Halls.
 25085 | Orc:3    | Found a roughly hewn altar of Beogh.
 25163 | Orc:3    | Found a runed door.
 25649 | Orc:3    | Found a roughly hewn altar of Beogh.
 25844 | Orc:2    | Found Bekemoaq's Food Emporium.
 25915 | Orc:4    | Entered Level 4 of the Orcish Mines
 25972 | Orc:4    | Noticed Azrael
 25978 | Orc:4    | Noticed Nessos
 25985 | Orc:4    | Killed Azrael
 25993 | Orc:4    | Killed Nessos
 26151 | Elf:1    | Entered Level 1 of the Elven Halls
 26190 | Elf:1    | Found a flickering gateway to a bazaar.
 26219 | Bazaar   | Entered a bazaar
 26219 | Bazaar   | Found Texzi's Gadget Shop.
 26228 | Bazaar   | Found Tiecel's General Store.
 26231 | Bazaar   | Found Gaujefash's Book Boutique.
 26237 | Bazaar   | Found Duxene Nimu's Food Shop.
 26276 | Bazaar   | Found Likoc's Weapon Shoppe.
 26306 | Bazaar   | Bought the +3 helmet of the Snake Pit {rElec MR++} for 460 gold pieces
 26306 | Bazaar   | Bought a scroll of identify for 22 gold pieces
 26309 | Bazaar   | Identified a scroll of acquirement
 26311 | Bazaar   | Got an encrusted naga barding
 26317 | Bazaar   | Identified the +0 naga barding "Hero's Friend" {rC+} (You acquired it in a bazaar)
 26390 | Orc:4    | Found a roughly hewn altar of Beogh.
 26390 | Orc:4    | Found Natupp's Jewellery Emporium.
 26433 | Orc:4    | Found a roughly hewn altar of Beogh.
 26439 | Orc:4    | Found Lacowkaj's Armour Shop.
 26590 | Orc:4    | Found a roughly hewn altar of Beogh.
 26591 | Orc:4    | Found Voxary's General Store.
 26613 | Orc:4    | Bought a potion of might for 40 gold pieces
 26669 | Orc:4    | Noticed Saint Roka
 26688 | Orc:4    | Killed Saint Roka
 26688 | Orc:4    | Reached skill level 17 in Stealth
 26688 | Orc:4    | Reached skill level 10 in Shields
 26796 | Orc:4    | Found Aloedag's Antique Armour Shoppe.
 26797 | Orc:4    | Found a roughly hewn altar of Beogh.
 26801 | Orc:4    | Found Baun's Antique Weapon Emporium.
 26833 | Orc:4    | Bought a translucent chain mail for 361 gold pieces
 26844 | Orc:4    | Identified the +3 chain mail "Vute" {SInv} (You bought it in a shop on level 4 of the Orcish Mines)
 26926 | Orc:4    | Found Siowkirph's Gadget Shop.
 27064 | Orc:4    | Found a roughly hewn altar of Beogh.
 27185 | Orc:4    | Found a roughly hewn altar of Beogh.
 27241 | Orc:4    | Found a roughly hewn altar of Beogh.
 27456 | Orc:4    | Bought the amulet of Cekugob {Ward -Tele rElec rPois rN++ AC+1 EV+1} for 603 gold pieces
 27730 | Swamp:1  | Entered Level 1 of the Swamp
 28018 | Swamp:1  | You fall through a shaft!
 28235 | Swamp:2  | Gained mutation: Your tail ends in a poisonous barb. [mutagenic meat]
 28236 | Swamp:2  | Gained mutation: You tend to lose your temper in combat. [mutagenic meat]
 28237 | Swamp:2  | Lost mutation: Your tail ends in a poisonous barb. [mutagenic meat]
 28238 | Swamp:2  | Gained mutation: You often lose your temper in combat. [mutagenic meat]
 28266 | Swamp:2  | Reached XP level 17. HP: 159/159 MP: 25/25
 28494 | Swamp:2  | Noticed Nikola
 28504 | Swamp:2  | Killed Nikola
 28504 | Swamp:2  | Reached skill level 10 in Dodging
 29029 | Swamp:3  | Noticed Kirke
 29055 | Swamp:3  | Killed Kirke
 29187 | Swamp:3  | Found a glowing silver altar of Zin.
 29525 | Swamp:4  | Entered Level 4 of the Swamp
 29893 | Swamp:4  | Slain by an eight-headed hydra

Vault maps used:
D:1:      dpeg_arrival_rooms_with_view
D:2:      xom_teletrap_fun, okawaru_gym_becter, ecumenical_altar_2,
          kennysheep_generic_room_11
D:4:      hangedman_feature_mirror, uniq_sigmund
D:5:      grunt_temple_overflow_gold_and_silver, kennysheep_little_box,
          first_bread
D:6:      uniq_eustachio
D:7:      cheibriados_altar_1, minmay_temple_entry_glass, serial_shops,
          shop_statue, nicolae_ossuary_entry_plus, grunt_livestock
D:8:      hangedman_cross_veins, ashenzari_altar_1, old_standard_altar,
          lemuel_doored_altar, yredelemnul_altar_generic, david_lair_shrubbed,
          basic_altar, hangedman_decor_growths, basic_loot_grate_trap
D:9:      nicolae_ru_great_annihilating_truth, orc_0_dummy, uniq_erolcha
D:10:     special_room
D:11:     nicolae_water_bricks, grunt_decor_clamped
D:12:     kennysheep_generic_room_2
D:13:     portal_ice_cave_entry_imps
D:14:     david_vaults_3, enter_trove_6, grunt_gozag_statues, uniq_roxanne
D:15:     hangedman_depths_entry_try_elsewhere_first, minmay_crystal_water
Temple:   corrupted_temple
Lair:1:   lemuel_fruit_fields, lemuel_fruit_tree, uniq_fannar
Lair:2:   nicolae_quartered_pool_super, grunt_megastairs_2
Lair:3:   dummy_spider_entry, enter_volcano_1, uniq_nergalle
Lair:4:   infiniplex_staircase_pool, grunt_megastairs_3, serial_bayou_shore_b,
          serial_bayou_shore_b
Lair:5:   swamp_mist_pool
Lair:6:   slime_altar_1, grunt_megastairs_4
Lair:7:   grunt_forest_stairs_basic, serial_bayou_pond_a, st_stairs_13,
          serial_bayou_shore_a, serial_bayou_shore_b, serial_bayou_shore_b
Lair:8:   minmay_lair_end_frog_pond
Swamp:1:  nicolae_swamp_orc_logging_accident
Swamp:2:  hangedman_swamp_cone, swamp_pool4, cheibrodos_swamp_slimy, uniq_nikola
Swamp:3:  nicolae_swamp_godswood, uniq_kirke
Swamp:4:  swamp
Orc:1:    serial_shops, nicolae_shop_crystal
Orc:2:    serial_shops, shop
Orc:3:    minmay_goldmine, basic_altar, nicolae_orc_pool_cavern,
          lightli_church_of_beogh
Orc:4:    grunt_orc_community_town_hall, grunt_orc_community_big_house_2,
          grunt_orc_community_big_house_1, grunt_orc_community_house_3,
          grunt_orc_community_house_3, grunt_orc_community_house_2,
          grunt_orc_community_house_3, grunt_orc_community_house_3,
          grunt_orc_community_house_2, serial_shops, shop, nicolae_shop_crystal,
          lightli_orcish_oven, uniq_saint_roka, uniq_nessos, uniq_azrael
Elf:1:    eino_elf_arrival_shootout, serial_shops, bzr_entry_water,
          hangedman_elf_disciples
Depths:1: pf_dread_powers_of_hell, serial_sigils_hangedman_shear,
          kennysheep_boxes, uniq_enchantress
Bazaar:   bazaar_kb_twisted_cavern
Ossuary:  ossuary_tomb_1
IceCv:    ice_cave_tombish
Volcano:  volcano_bunker

Action                   |  1- 3 |  4- 6 |  7- 9 | 10-12 | 13-15 | 16-18 || total
-------------------------+-------+-------+-------+-------+-------+-------++-------
Melee: Long sword        |   127 |   176 |   597 |   404 |       |       ||  1304
       Scimitar          |       |       |       |   120 |       |       ||   120
       Short sword       |       |       |       |    78 |   968 |   996 ||  2042
Invok: Slouch            |       |       |       |     1 |     3 |     5 ||     9
       Bend Time         |       |       |       |       |       |     1 ||     1
 Abil: Spit Poison       |     7 |    28 |    51 |    13 |       |       ||    99
       Evoke Flight      |       |       |       |       |     1 |     1 ||     2
Evoke: Wand              |       |       |       |       |       |     8 ||     8
  Use: Scroll            |       |     5 |     9 |     9 |     7 |     9 ||    39
       Potion            |       |       |     1 |       |       |       ||     1
 Stab: Sleeping          |       |       |     2 |    22 |    25 |    33 ||    82
       Distracted        |       |       |     2 |     3 |     6 |     4 ||    15
       Invisible         |       |       |       |     1 |       |       ||     1
       Paralysed         |       |       |       |     1 |       |       ||     1
       Confused          |       |       |       |       |       |     1 ||     1
  Eat: Bread ration      |     1 |     1 |     2 |     2 |     2 |       ||     8
       Meat ration       |       |       |     1 |     1 |     4 |     5 ||    11
       Chunk             |       |       |     4 |     4 |    20 |     6 ||    34
       Pizza             |       |       |     2 |       |       |       ||     2
       Royal jelly       |       |       |       |     1 |       |       ||     1
